AoeStats
← SkL

Arena

505546356Analyzed
4v4 RM · 24d ago on Sep 9, 2026· 51m 49s· 8 players
Game mode
Random Map
Map size
Large (8 player)
Population
200
Speed
Normal
Resources
Standard
Victory
Conquest
Starting age
Dark Age
Ending age
Imperial Age
RankedLock teamsTeams togetherTeam positionsShared explorationLock speedFull tech treeHidden civsTurbo modeCheats
Victory
Defeat
🇧🇷 Celts · Brazil
1443
+9
🇧🇷 Tatars · Brazil
1321
+14
🇧🇷 Goths · Brazil
1300
+15
🇧🇷 Bengalis · Brazil
1222
+17
🇧🇷 Bohemians · Brazil
1304
-15
🇲🇽 Khmer · Mexico
1282
-14
🇨🇦 Italians · Canada
1264
-13
🇧🇷 Lithuanians · Brazil
1249
-13
EightyNine
4:26 Loom
9:59 Feudal Age
14:06 Castle Age
12:14 Double-Bit Axe
12:53 Horse Collar
15:20 Loom
15:21 Town Watch
17:41 Bow Saw
20:58 Stone Mining
22:49 Wheelbarrow
22:47 Gold Mining
25:03 Hand Cart
28:31 Imperial Age
26:33 Fletching
26:27 Treadmill Crane
27:08 Ballistics
27:01 Masonry
27:25 Heavy Plow
27:57 Arson
28:13 Squires
28:10 Bodkin Arrow
28:18 Padded Archer Armor
28:21 Scale Mail Armor
29:39 Forging
30:08 Chain Mail Armor
30:49 Conscription
31:57 Plate Mail Armor
32:31 Iron Casting
32:01 Elite Genoese Crossbowman
34:43 Bracer
34:51 Thumb Ring
34:48 Padded Archer Armor
35:57 Chemistry
35:28 Architecture
35:46 Hoardings
35:58 Crop Rotation
37:39 Blast Furnace
36:54 Leather Archer Armor
41:10 Pikeman
44:56 Ring Archer Armor
.
11:07 Feudal Age
11:47 Horse Collar
14:07 Castle Age
11:58 Double-Bit Axe
14:51 Heavy Plow
15:05 Bow Saw
22:24 Loom
23:42 Wheelbarrow
24:37 Hand Cart
24:32 Town Watch
29:22 Imperial Age
28:12 Scale Barding Armor
28:17 Forging
28:40 Gold Mining
30:39 Conscription
30:19 Tusk Swords
31:06 Chain Barding Armor
31:21 Iron Casting
31:58 Bloodlines
31:49 Husbandry
33:46 Plate Barding Armor
34:27 Hoardings
33:47 Stone Mining
34:32 Gold Shaft Mining
34:41 Siege Engineers
37:50 Chemistry
37:11 Ballistics
37:52 Masonry
37:37 Murder Holes
41:56 Light Cavalry
43:54 Stone Shaft Mining
45:31 Blast Furnace
44:24 Fletching
44:57 Double Crossbow
44:24 Elite Ballista Elephant
51:00 Architecture
50:41 Fortified Wall
51:21 Elite Battle Elephant
nborgesfilho
5:41 Loom
9:39 Feudal Age
10:32 Feudal Age
14:30 Castle Age
13:15 Loom
17:28 Redemption
17:38 Sanctity
18:32 Sanctity
25:07 Horse Collar
32:58 Double-Bit Axe
36:25 Bow Saw
37:43 Wheelbarrow
40:51 Imperial Age
38:47 Bloodlines
39:13 Forging
39:41 Scale Barding Armor
40:55 Iron Casting
40:35 Husbandry
41:45 Fletching
43:26 Chain Barding Armor
43:02 Bodkin Arrow
44:18 Conscription
46:13 Gold Mining
46:14 Stone Mining
47:37 Chemistry
49:34 Hand Cart
49:53 Heavy Plow
49:45 Town Watch
51:07 Crop Rotation
SkL
10:33 Feudal Age
14:26 Castle Age
12:33 Double-Bit Axe
13:04 Horse Collar
16:08 Loom
22:45 Pikeman
25:18 Wheelbarrow
26:19 Crossbowman
26:51 Fletching
29:06 Chemistry
28:34 Bodkin Arrow
29:02 Padded Archer Armor
29:32 Bow Saw
33:00 Imperial Age
30:58 Sanctity
31:19 Ballistics
31:27 Squires
31:32 Scale Mail Armor
31:39 Heavy Plow
32:03 Hand Cart
32:29 Fervor
33:22 Chain Mail Armor
34:12 Conscription
35:09 Plate Mail Armor
34:29 Halberdier
36:08 Bracer
36:20 Forging
37:38 Leather Archer Armor
44:48 Masonry
44:50 Fortified Wall
44:46 Siege Engineers
45:41 Cavalier
46:22 Husbandry
46:35 Town Watch
46:57 Scale Barding Armor
47:29 Iron Casting
48:08 Chain Barding Armor
48:14 Chain Barding Armor
48:20 Chain Barding Armor
50:53 Blast Furnace
49:45 Light Cavalry
MAMA YAGA
11:18 Feudal Age
10:12 Loom
10:22 Loom
16:18 Castle Age
14:21 Double-Bit Axe
14:20 Horse Collar
15:29 Gold Mining
16:36 Loom
18:01 Bow Saw
17:53 Heavy Plow
18:54 Wheelbarrow
24:28 Hand Cart
24:50 Elite Skirmisher
29:55 Imperial Age
28:01 Fletching
28:11 Padded Archer Armor
28:35 Ballistics
28:25 Fortified Wall
28:38 Town Watch
29:39 Bodkin Arrow
30:05 Leather Archer Armor
30:09 Treadmill Crane
31:01 Stone Mining
31:50 Gold Shaft Mining
32:44 Two-Man Saw
32:27 Crop Rotation
33:42 Ring Archer Armor
34:45 Chemistry
34:29 Conscription
34:29 Bracer
34:46 Paiks
34:53 Elite Elephant Archer
43:25 Husbandry
43:35 Bloodlines
47:58 Guard Tower
48:06 Murder Holes
51:11 Siege Elephant
52:33 Mahayana
Culega
12:04 Feudal Age
12:43 Horse Collar
15:51 Castle Age
14:21 Double-Bit Axe
18:27 Fervor
19:36 Wheelbarrow
18:46 Loom
21:41 Hand Cart
30:36 Imperial Age
28:37 Gold Mining
29:49 Forging
29:39 Scale Mail Armor
29:42 Anarchy
31:10 Iron Casting
30:39 Squires
30:33 Fletching
30:24 Pikeman
32:37 Chain Mail Armor
37:05 Blast Furnace
36:56 Conscription
36:40 Elite Huskarl
39:30 Perfusion
42:04 Halberdier
44:19 Heavy Plow
46:11 Caravan
50:03 Guilds
50:10 Bow Saw
50:31 Crop Rotation
49:54 Stone Mining
S K Y
11:03 Feudal Age
14:35 Castle Age
12:58 Double-Bit Axe
13:24 Horse Collar
22:07 Loom
23:01 Wheelbarrow
23:29 Bow Saw
23:31 Heavy Plow
26:02 Hand Cart
26:48 Gold Mining
26:48 Stone Mining
31:10 Imperial Age
30:52 Fletching
31:03 Padded Archer Armor
31:40 Ballistics
31:46 Bodkin Arrow
31:26 Heavy Cavalry Archer
32:16 Silk Armor
33:27 Bracer
33:04 Pikeman
33:45 Squires
34:56 Chemistry
34:26 Conscription
37:38 Scale Mail Armor
37:07 Capped Ram
37:46 Halberdier
38:38 Siege Ram
45:47 Elite Skirmisher
46:55 Onager
48:06 Forging
TIRA-ONDA
5:08 Loom
12:03 Feudal Age
13:28 Double-Bit Axe
14:02 Horse Collar
17:01 Castle Age
16:37 Gold Mining
20:17 Fletching
23:06 Heavy Plow
27:25 Scale Mail Armor
30:11 Wheelbarrow
30:09 Town Watch
31:43 Hand Cart
35:21 Imperial Age
33:09 Pikeman
35:34 Gold Shaft Mining
35:10 Bow Saw
35:27 Onager
36:17 Fletching
37:21 Siege Engineers
38:25 Chemistry
37:45 Ballistics
37:37 Husbandry
36:57 Light Cavalry
37:47 Hussar
38:36 Scale Barding Armor
39:32 Conscription
42:54 Masonry
43:23 Chain Barding Armor
43:13 Forging
44:28 Halberdier
46:42 Iron Casting
46:25 Caravan
46:36 Guilds
46:58 Chain Mail Armor
46:40 Cavalier
47:19 Siege Onager
49:51 Arson
50:37 Plate Mail Armor
51:07 Blast Furnace
50:45 Bodkin Arrow
Connection lost

Rejoining the realm…

Still unreachable

The connection could not be restored.

Session expired

The server has moved on; the page needs a fresh start.